 Dungeon Crawl Stone Soup version 0.30-a0-1082-g70414cbcbb (webtiles) character file.

Game seed: 6371165003433493773

7791 NateTC the Fighter (level 11, -3/72 HPs)
             Began as a Gargoyle Fighter on Apr 15, 2023.
             Was a High Priest of Okawaru.
             Slain by a vampire
             ... wielding a +0 scimitar
              (6 damage)
             ... on level 10 of the Dungeon.
             The game lasted 00:26:07 (9983 turns).

NateTC the Fighter (Gargoyle Fighter)               Turns: 9983, Time: 00:26:07

Health: -3/72      AC: 28    Str: 21    XL:     11   Next: 20%
Magic:  14/14      EV:  6    Int: 10    God:    Okawaru [*****.]
Gold:   120        SH: 10    Dex: 11    Spells: 10/10 levels left

rFire   . . .      SeeInvis .    a - +2 morningstar
rCold   . . .      Faith    .    h - +0 kite shield
rNeg    + . .      Spirit   .    x - +0 plate armour
rPois   ∞          Reflect  .    n - +1 helmet
rElec   +          Rampage  .    (no cloak)
rCorr   .                        (no gloves)
Will    +....                    (no boots) Stlth
                                 C - amulet of the acrobat
HPRegen 0.32/turn                g - ring of willpower
MPRegen 0.14/turn                s - +4 ring of protection

@: no status effects
A: sickness immunity, AC +8, negative energy resistance 1, electricity
resistance, torment resistance 1, petrification resistance
a: Renounce Religion, Heroism, Finesse, Duel


You were on level 10 of the Dungeon.
You worshipped Okawaru.
Okawaru was extremely pleased with you.
You visited 2 branches of the dungeon, and saw 12 of its levels.

You collected 450 gold pieces.
You spent 330 gold pieces at shops.

Inventory:

Hand Weapons
 a - a +2 morningstar (weapon)
Armour
 h - a +0 kite shield (worn)
 n - a +1 helmet (worn)
 x - a +0 plate armour (worn)
Jewellery
 g - a ring of willpower (left hand)
 s - a +4 ring of protection (right hand)
 z - a ring of positive energy
 C - an amulet of the acrobat (around neck)
Wands
 d - a wand of flame (19)
 f - a wand of paralysis (3)
 k - a wand of digging (7)
 m - a wand of quicksilver (4)
 y - a wand of roots (10)
Scrolls
 j - 2 scrolls of noise
 r - a scroll of fog
 u - a scroll of immolation
 v - 2 scrolls of identify
 A - 2 scrolls of teleportation
 B - a scroll of fear
Potions
 c - 2 potions of attraction
 e - 2 potions of mutation
 i - a potion of flight
 l - a potion of resistance
 p - a potion of brilliance {unknown}
 q - a potion of invisibility
 t - a potion of cancellation
 w - 3 potions of degeneration


   Skills:
 * Level 9.9 Fighting
 - Level 9.7 Maces & Flails
 - Level 8.3 Armour
 - Level 2.0 Dodging
 - Level 7.8 Shields
 - Level 5.2 Invocations
 * Level 1.9 Evocations


You had 10 spell levels left.
You didn't know any spells.
Your spell library contained the following spells:

 Spells                   Type           Power      Damage    Failure   Level
 Apportation              Tloc           0%         N/A       100%        1
 Beastly Appendage        Tmut           0%         N/A       100%        1
 Ensorcelled Hibernation  Hex/Ice        0%         N/A       100%        2
 Lesser Beckoning         Tloc           0%         N/A       100%        2
 Static Discharge         Conj/Air       0%         2-2/arc   100%        2
 Wereblood                Tmut           0%         N/A       100%        2
 Gell's Gravitas          Tloc           0%         N/A       100%        3
 Portal Projectile        Hex/Tloc       0%         N/A       100%        3
 Spider Form              Tmut/Pois      0%         N/A       100%        3
 Teleport Other           Tloc           0%         N/A       100%        3
 Airstrike                Air            0%         2d(0-16)  100%        4
 Anguish                  Hex/Necr       0%         N/A       100%        4
 Alistair's Intoxication  Tmut/Pois      0%         N/A       100%        5
 Blade Hands              Tmut           0%         N/A       100%        5
 Storm Form               Tmut/Air       0%         N/A       100%        7
 Maxwell's Capacitive Co  Air            0%         ∞         100%        8
 Tukima's Dance           Hex            Unusable   N/A       N/A         3
 Summon Lightning Spire   Summ/Air       Unusable   N/A       N/A         4

Dungeon Overview and Level Annotations

Branches:
Dungeon (11/15) Zot: 26471  Temple (1/1) D:4 Zot: 5758    Lair (0/5) D:10
    Orc (0/2) D:10

Altars:
Cheibriados
Dithmenos
Elyvilon
Gozag
Kikubaaqudgha
Makhleb
Okawaru
Qazlal
Ru
Uskayaw
Wu Jian
Xom
Yredelemnul
The Shining One

Shops:
D:3 =!   D:6 *   D:8 (   D:9 =(:

Annotations:
D:10 1 runed translucent door, LustLizard's ghost, novice MfGl


Innate Abilities, Weirdness & Mutations

You are immune to sickness and miasma.
Your stone body is resilient. (AC +8)
You are immune to poison.
You resist negative energy. (rN+)
You are resistant to electric shocks. (rElec)
You are resistant to unholy torment.
You are immune to petrification.


Message History

Something is blocking the doorway!
Something hits you.
* * * LOW HITPOINT WARNING * * *
Something bites you!
* * * LOW HITPOINT WARNING * * *
You feel better. You block something's attack.
Something bites you but does no damage. Something hits you but does no damage.
Something bites you.
* * * LOW HITPOINT WARNING * * *
Something hits you but does no damage. Something closely misses you.
Something hits you but does no damage. Something bites you.
* * * LOW HITPOINT WARNING * * *
Aiming: Duel (54% risk of failure)
Press: ? - help, Dir - move target, f - orc priest
Aim: an orc priest, wielding a +0 mace The orc priest is not worthy to be dueled!
Aiming: Duel (54% risk of failure)
Press: ? - help, Dir - move target, f - gargoyle, p - orc priest
Aim: a gargoyle, wielding a +3 quarterstaff You fail to use your ability.
Something hits you!
* * * LOW HITPOINT WARNING * * *
Something bites you but does no damage.
Blink to where?
Press: ? - help, Dir - move target, p - gargoyle
As you read the scroll of blinking, it crumbles to dust.
There is a staircase to the Lair here.
Something barely misses you. Something bites you but does no damage.
Something hits you.
* * * LOW HITPOINT WARNING * * *
Something barely misses you.
Okay, then.
You feel better. Something hits you but does no damage. Something bites you.
* * * LOW HITPOINT WARNING * * *
Something hits you.
* * * LOW HITPOINT WARNING * * *
Something bites you but does no damage.
Okay, then.
As you read the scroll of fear, it crumbles to dust.
You assume a fearsome visage.
The gargoyle is unaffected.
The orc priest looks frightened!
Something hits you.
You die...

..'..####...#.#.....###..........
..#### #.#.#........##..........
### #.##.......(..#..........
###............######+###
###......#.......# #..# ####
#................# #.## ...#
##....#.#...#.#...####.#### ...#
##.......##.[##.............
...###.#.....##.@.#.#.#..#.......
...'...#..#..#........~..........
...###..........>........#.......
...# ##......#.....#.....#.......
...# #...~..##.[..##.#..#.......
#+## #......#..)###......####.##
..# ###...#'#...#.#....###...#
.## #......o9.........##..### .#
##...o....##.)..####.##


You could see a gargoyle and an orc priest (fleeing).

Vanquished Creatures
  Erica (D:10)
  A two-headed ogre (D:9)
  Amaemon (D:10)
  An orange demon (D:9)
  A rime drake (D:9)
  A troll (D:11)
  A vampire (D:9)
  2 wyverns
  A steam dragon (D:7)
  2 acid dragons (D:10)
  2 water moccasins
  7 ice beasts
  2 orc warriors (D:10)
  An ogre (D:5)
  A centaur (D:10)
  3 wolves
  3 kobold brigands
  4 bullfrogs
  3 scorpions (D:5)
  18 wights
  18 killer bees
  2 howler monkeys
  3 hounds
  4 orc priests
  A jelly (D:7)
  A sleepcap (D:7)
  2 iguanas
  8 orc wizards
  3 gnolls (D:4)
  3 adders
  A shadow imp (D:6)
  2 ufetubi
  A worm (D:2)
  23 orcs
  3 ball pythons (D:2)
  10 endoplasms
  8 giant cockroaches
  7 goblins
  9 hobgoblins
  6 quokkas
  7 bats
  3 frilled lizards
  15 kobolds
  3 rats
199 creatures vanquished.

Vanquished Creatures (others)
  A plant (D:4)
1 creature vanquished.

Grand Total: 200 creatures vanquished

Notes
Turn   | Place    | Note
-------+----------+-------------------------------------------
     0 | D:1      | NateTC the Gargoyle Fighter began the quest for the Orb.
     0 | D:1      | Reached XP level 1. HP: 14/14 MP: 1/1
   216 | D:1      | Reached XP level 2. HP: 20/20 MP: 2/2
   904 | D:1      | Reached XP level 3. HP: 24/24 MP: 3/3
  1219 | D:2      | Reached XP level 4. HP: 28/30 MP: 4/4
  1566 | D:3      | Found Dyxof's Jewellery Shoppe.
  1637 | D:3      | Found Teened's Distillery.
  2128 | D:3      | Found an opulent altar of Gozag.
  2629 | D:4      | Found a staircase to the Ecumenical Temple.
  2687 | D:4      | Found an ornate altar of the Wu Jian Council.
  2725 | Temple   | Entered the Ecumenical Temple
  2731 | Temple   | Became a worshipper of Warmaster Okawaru
  2859 | D:4      | HP: 1/30 [orc priest/+0 flail (3)]
  2865 | D:4      | Reached XP level 5. HP: 3/34 MP: 5/5
  3202 | D:4      | Found an ancient bone altar of Kikubaaqudgha.
  4003 | D:5      | Entered Level 5 of the Dungeon
  4026 | D:5      | Noticed a water moccasin
  4044 | D:5      | Killed a water moccasin
  4044 | D:5      | Reached * piety under Okawaru
  4045 | D:5      | Reached skill level 5 in Fighting
  4045 | D:5      | Reached XP level 6. HP: 32/40 MP: 6/6
  4120 | D:5      | Found a sacrificial altar of Ru.
  4129 | D:5      | Reached skill level 5 in Armour
  4256 | D:5      | Reached XP level 7. HP: 34/44 MP: 7/7
  4340 | D:5      | Found a basalt altar of Yredelemnul.
  4647 | D:6      | Found Vatomocu's Overcharged Wands.
  4728 | D:5      | Reached ** piety under Okawaru
  4729 | D:5      | Reached skill level 1 in Dodging
  4741 | D:6      | Reached skill level 5 in Maces & Flails
  4863 | D:6      | Reached XP level 8. HP: 32/49 MP: 5/8
  4991 | D:6      | Reached skill level 5 in Shields
  5098 | D:6      | Found a shimmering altar of Xom.
  5480 | D:7      | Noticed a wyvern
  5493 | D:7      | Killed a wyvern
  5653 | D:7      | Found a hide-covered altar of Uskayaw.
  5760 | D:7      | Reached *** piety under Okawaru
  5761 | D:7      | Reached XP level 9. HP: 41/55 MP: 9/9
  6356 | D:8      | Found Wathret's Weapon Shop.
  6788 | D:8      | Found a glowing golden altar of the Shining One.
  7298 | D:9      | Found a white marble altar of Elyvilon.
  7308 | D:9      | Found a stormy altar of Qazlal.
  7407 | D:9      | Found Plog's Antique Weapon Shop.
  7439 | D:9      | Found a burning altar of Makhleb.
  7581 | D:9      | Found Veusiyt Kuci's Jewellery Emporium.
  7589 | D:9      | Bought an amulet of the acrobat for 330 gold pieces
  7619 | D:9      | Reached **** piety under Okawaru
  7836 | D:9      | Found Uzoyx's Book Emporium.
  7961 | D:10     | Entered Level 10 of the Dungeon
  7968 | D:10     | Noticed a two-headed ogre
  7975 | D:10     | Noticed a rime drake
  7979 | D:10     | Reached XP level 10. HP: 52/63 MP: 10/10
  7993 | D:10     | Reached skill level 1 in Invocations
  8063 | D:9      | Killed a two-headed ogre
  8450 | D:10     | Reached ***** piety under Okawaru
  8468 | D:10     | Found a staircase to the Lair.
  8872 | D:10     | Noticed Erica
  9046 | D:10     | Killed Erica
  9187 | D:10     | Noticed Amaemon
  9187 | D:10     | Noticed an orange demon
  9237 | D:9      | Killed an orange demon
  9238 | D:9      | Reached XP level 11. HP: 71/71 MP: 14/14
  9256 | D:10     | Killed Amaemon
  9257 | D:10     | Reached skill level 5 in Invocations
  9257 | D:10     | Reached skill level 1 in Evocations
  9279 | D:10     | Found a staircase to the Orcish Mines.
  9305 | D:10     | Found a runed translucent door.
  9306 | D:10     | Found a shimmering altar of Xom.
  9306 | D:10     | Noticed LustLizard's ghost (novice MfGl)
  9306 | D:10     | Noticed a +1 quarterstaff of chaos
  9461 | D:10     | You fall into a shaft and drop 1 floor!
  9946 | D:10     | Identified the +9 falchion of Mourning {heavy, Int+7}
  9982 | D:10     | HP: 3/72 [something (6)]
  9983 | D:10     | Slain by a vampire

Illustrated notes

Levels and vault maps discovered:
D:1:      dpeg_arrival_ternary, layout_basic, grunt_decor_clamped
D:2:      layout_rooms, minmay_worlds_worst_comb
D:3:      layout_basic, nicolae_overflow_crystal_walls, serial_rivers,
          chequers_serial_rivers_micro_d, chequers_serial_rivers_micro_d,
          chequers_serial_rivers_large_b, chequers_serial_rivers_small_3,
          serial_shops, shop, nicolae_diamond_shop
D:4:      layout_basic, mainiacjoe_overflow_paths, old_standard_altar,
          minmay_temple_entry_gardened_gates, minmay_misc_feat_x
D:5:      layout_rooms, yredelemnul_altar_generic, old_standard_altar,
          minmay_crystal_water
D:6:      layout_cave_pools, lemuel_doored_altar, nicolae_shop_overcharged_wands
D:7:      layout_loops_ring, nicolae_uskayaw_dance_studio,
          nicolae_figureground_pulse
D:8:      layout_cave_pools, tso_metal_star, serial_shops, nicolae_shop_stone
D:9:      layout_roguey, kennysheep_mini_moat,
          chequers_temple_overflow_statue_of_worship, serial_shops, shop,
          nicolae_shop_hallway_plus, shop, nrook_pool_corridor
D:10:     layout_roguey, beargit_hepliaklqana_dungeon_heroes,
          hellmonk_lair_entry_icy, orc_0_dummy, ebering_ghost_xom,
          serial_rivers, chequers_serial_rivers_micro_b,
          chequers_serial_rivers_room_a, chequers_serial_rivers_micro_e,
          chequers_serial_rivers_room_b, chequers_serial_rivers_small_b,
          chequers_serial_rivers_micro_e, uniq_erica, uniq_amaemon
D:11:     layout_stronghold
Temple:   eino_wide_crystal_templ

Skill      XL: |  1  2  3  4  5  6  7  8  9 10 11 |
---------------+----------------------------------+-----
Fighting       | 4 5 7 9 |  9.9
Maces & Flails | 3 5 7 9 |  9.7
Shields        | 4 6 7 |  7.8
Armour         | 4 5 6 8 |  8.3
Dodging        | 2 |  2.0
Invocations    | 4 5 |  5.2
Evocations     | 1 |  1.9

Action                     |  1- 3 |  4- 6 |  7- 9 | 10-12 || total
---------------------------+-------+-------+-------+-------++-------
  Melee: Flail             |   130 |   126 |   288 |       ||   544
         Morningstar       |       |       |    78 |   222 ||   300
 Invoke: Heroism           |       |       |     3 |     5 ||     8
  Evoke: Wand              |       |       |       |     2 ||     2
    Use: Scroll            |     3 |    11 |    11 |     3 ||    28
         Potion            |     1 |     1 |     3 |     5 ||    10
 Armour: Scale mail        |    99 |    64 |   399 |   151 ||   713
         Plate armour      |       |       |       |    60 ||    60
  Dodge: Dodged            |    59 |    44 |   241 |   129 ||   473
  Block: Buckler           |     1 |       |       |       ||     1
         Kite shield       |    68 |    54 |   313 |   139 ||   574

Table legend: (Time is in decaauts)
 A = Elapsed time spent in this place.
 B = Non-inter-level travel time spent in this place.
 C = Inter-level travel time spent in this place.
 D = Time resting spent in this place.
 E = Time spent auto-exploring this place.
 F = Levels seen in this place.
 G = Mean time per level.
                   A        B        C        D        E       F      G
               +--------+--------+--------+--------+--------+-----+--------+
         Total |  10248 |   9949 |    299 |   2110 |   5420 |  12 |  854.0 |
       Dungeon |  10007 |   9708 |    299 |   1886 |   5420 |  11 |  909.7 |
        Temple |    241 |    241 |      0 |    224 |      0 |   1 |  241.0 |
               +--------+--------+--------+--------+--------+-----+--------+

Top non-repeatable levels by time:
     D:9: 1748 daAuts
     D:4: 1210 daAuts
     D:3: 1093 daAuts
    D:10: 1080 daAuts
     D:7: 1010 daAuts
     D:1: 947 daAuts
     D:5: 819 daAuts
     D:6: 711 daAuts
     D:2: 646 daAuts
     D:8: 640 daAuts
  Temple: 241 daAuts
    D:11: 97 daAuts
